 Dungeon Crawl Stone Soup version 0.25-a0-190-g27fffb8c76 (console) character file.

Game seed: 14123554933314578503, levelgen mode: deterministic

57 Kagalorn the Vexing (level 3, 0/16 HPs)
             Began as a Spriggan Enchanter on Nov 30, 2019.
             Slain by a bat (1 damage)
             ... on level 3 of the Dungeon.
             The game lasted 00:04:27 (1714 turns).

Kagalorn the Vexing (Spriggan Enchanter)            Turns: 1714, Time: 00:04:28

Health: 0/16       AC:  2    Str:  4    XL:     3   Next: 73%
Magic:  5/8        EV: 18    Int: 17    God:
Gold:   96         SH:  0    Dex: 16    Spells: 5/8 levels left

rFire    . . .     SeeInvis +   a - +1 dagger
rCold    . . .     Gourm    .   (shield restricted)
rNeg     . . .     Faith    .   b - +0 robe
rPois    .         Spirit   .   (helmet restricted)
rElec    .         Reflect  .   (no cloak)
rCorr    .         Harm     .   (gloves unavailable)
MR       .....                  (boots unavailable)
Stlth    +++.......             (no amulet)
HPRegen  0.05/turn              (no ring)
MPRegen  0.11/turn              (no ring)

@: very quick
A: very small, unfitting armour, see invisible, herbivore, speed 3, slow
metabolism 2
a: no special abilities


You were on level 3 of the Dungeon.
You were not hungry.

You visited 1 branch of the dungeon, and saw 3 of its levels.

You collected 96 gold pieces.

Inventory:

Hand Weapons
 a - a +1 dagger (weapon)
Missiles
 c - 119 stones (quivered)
 i - 47 arrows
Armour
 b - a +0 robe (worn)
Jewellery
 g - a cursed ring of attention {unknown}
Scrolls
 e - a scroll of enchant armour {unknown}
 h - 5 scrolls of identify {unknown}
 l - a scroll of remove curse {unknown}
 m - a scroll of immolation {unknown}
 n - a scroll of random uselessness {unknown}
 o - 2 scrolls of enchant weapon {unknown}
Potions
 f - 2 potions of curing {unknown}
 j - 2 potions of resistance {unknown}
 k - 2 potions of might {unknown}
Comestibles
 d - 3 rations


   Skills:
 - Level 1.1 Short Blades
 - Level 3.0 Dodging
 + Level 4.8 Stealth
 * Level 3.3 Spellcasting
 - Level 5.0 Hexes
 * Level 0.3 Ice Magic


You had 5 spell levels left.
You knew the following spells:

 Your Spells              Type           Power        Failure   Level  Hunger
a - Ensorcelled Hibernat  Hex/Ice        ##....       9%          2    ##.....
p - Corona                Hex            ###....      2%          1    None

Your spell library contained the following spells:

 Spells                   Type           Power        Failure   Level  Hunger
 Confuse                  Hex            ###.....     6%          3    ###....
 Tukima's Dance           Hex            ###.....     6%          3    ###....
 Dazzling Spray           Conj/Hex       ##....       19%         3    ###....


Dungeon Overview and Level Annotations

Branches:
Dungeon (3/15)

Altars:
Hepliaklqana
Ru


Innate Abilities, Weirdness & Mutations

You are very small and have problems with some larger weapons.
You are too small for most types of armour.
You have supernaturally acute eyesight. (SInv)
You are a herbivore.
You cover ground extremely quickly.
You need to consume almost no food.


Message History

The bat misses you.
The orc wizard hits you with a +0 dagger.
You hit the orc wizard.
The orc wizard is lightly wounded.
The bat closely misses you. The orc wizard misses you.
You closely miss the orc wizard.
The orc wizard is lightly wounded.
The bat barely misses you. The orc wizard completely misses you.
You hit the orc wizard.
The orc wizard is lightly wounded.
The bat misses you.
The orc wizard hits you with a +0 dagger.
* * * LOW HITPOINT WARNING * * *
You hit the orc wizard.
The orc wizard is moderately wounded.
The bat completely misses you. The orc wizard barely misses you.
The bat hits you but does no damage. The bat completely misses you.
The bat hits you.
You die...

#.# #.# .#
#.# .# #.#
#.## #
#.####...#.#
##...........
#.....#...#
#.###....#
#.#
#.@#######+
#.#
#.#b..#...#
#.#
#.#...#...#
#.#
###.......#
#.# ###o_.###
#.# #.......#
#.# #...#...#
#.# #...#...#
#.# +#######+


You could see an orc wizard (mute) and a bat.

Vanquished Creatures
  2 adders (D:2)
  An adder skeleton (D:2)
  2 dart slugs (D:1)
  3 giant cockroaches
  3 goblins
  6 hobgoblins
  4 kobolds
  4 bats (D:1)
  2 frilled lizards
  2 rats
29 creatures vanquished.

Notes
Turn   | Place    | Note
-------+----------+-------------------------------------------
     0 | D:1      | Kagalorn the Spriggan Enchanter began the quest for the
                  | Orb.
     0 | D:1      | Reached XP level 1. HP: 9/9 MP: 5/5
    86 | D:1      | Reached skill level 4 in Hexes
   334 | D:1      | Reached XP level 2. HP: 7/13 MP: 7/7
   343 | D:1      | Learned a level 2 spell: Ensorcelled Hibernation
  1124 | D:2      | Found a hazy altar of Hepliaklqana.
  1157 | D:2      | Reached skill level 5 in Hexes
  1157 | D:2      | Reached XP level 3. HP: 15/16 MP: 8/8
  1685 | D:3      | Found a sacrificial altar of Ru.
  1714 | D:3      | Slain by a bat

Levels and vault maps discovered:
D:1:      sevenhm_arrival_forest_fort_small_1, layout_basic, minmay_cut_off
D:2:      layout_loops_cross, lemuel_doored_altar
D:3:      layout_loops_cross, nicolae_ru_great_annihilating_truth

Skill      XL: |  1  2 |
---------------+-------+-----
Hexes          | 4 5 |  5.0
Spellcasting   | 3 |  3.3
Short Blades   | |  1.1
Dodging        | |  3.0
Stealth        | |  4.8
Ice Magic      | |  0.3

Action                   || total
-------------------------++-------
Melee: Dagger            ||   124
 Cast: Ensorcelled Hiber ||    10
 Stab: Sleeping          ||    13
       Distracted        ||     1
       Invisible         ||     1
       Paralysed         ||     1
Armor: Robe              ||    15
Dodge: Dodged            ||   113

Table legend:
 A = Non-vault XP
 B = Vault XP
 C = Vault XP percentage of total XP
 D = Non-vault monster count
 E = Vault monster count
 F = Vault count percentage of total count
                 A         B        C        D         E       F
            +---------+---------+-------+---------+---------+-------
      Total |      73 |       9 |  11.0 |      24 |       5 |  17.2
            +---------+---------+-------+---------+---------+-------
        D:1 |      26 |       6 |  18.8 |      13 |       3 |  18.8
        D:2 |      47 |       0 |   0.0 |      11 |       0 |   0.0
        D:3 |       0 |       3 | 100.0 |       0 |       2 | 100.0
            +---------+---------+-------+---------+---------+-------
